 Dungeon Crawl Stone Soup version 0.29-a0-25-g7f48f510a0 (webtiles) character file.

Game seed: 8294686079192058991

917 testman the Insei (level 7, -2/61 HPs)
             Began as a Grey Draconian Transmuter on Jan 31, 2022.
             Was a Believer of Elyvilon.
             Slain by Duvessa (4 damage)
             ... on level 6 of the Dungeon.
             The game lasted 00:16:02 (5352 turns).

testman the Insei (Grey Draconian Transmuter)       Turns: 5352, Time: 00:16:03

Health: -2/61      AC: 11    Str: 12    XL:     7   Next: 83%
Magic:  7/10       EV: 12    Int: 15    God:    Elyvilon [**....]
Gold:   299        SH:  0    Dex: 12    Spells: 6/11 levels left

rFire   . . .      SeeInvis .     - Unarmed
rCold   . . .      Faith    .   (no shield)
rNeg    . . .      Spirit   .   (armour unavailable)
rPois   .          Reflect  .   s - +0 hat
rElec   .          Harm     .   (no cloak)
rCorr   .          Rampage  .   (no gloves)
Will    .....                   (no boots)
Stlth   +.........              (no amulet)
HPRegen 0.20/turn               (no ring)
MPRegen 0.12/turn               (no ring)

@: lethally poisoned (-2 -> -8), wereblooded
A: AC +11, amphibious, unfitting armour, cold-blooded
a: Renounce Religion, Purification, Heal Other


You were on level 6 of the Dungeon.
You worshipped Elyvilon.
Elyvilon was pleased with you.
You visited 1 branch of the dungeon, and saw 6 of its levels.

You collected 299 gold pieces.

Inventory:

Hand Weapons
 i - a +0 hunting sling
Missiles
 a - 6 poisoned darts
 b - 155 stones
 h - 7 boomerangs
Armour
 s - a +0 hat (worn)
Scrolls
 e - 2 scrolls of noise {unknown}
 f - 2 scrolls of teleportation {unknown}
 j - 8 scrolls of identify {unknown}
 l - 3 scrolls of fog {unknown}
 m - a scroll of enchant armour {unknown}
 n - a scroll of acquirement {unknown}
 p - a scroll of magic mapping {unknown}
Potions
 c - 2 potions of might {unknown}
 d - a potion of lignification {unknown}
 g - a potion of degeneration {unknown}
 k - a potion of curing {unknown}
 o - a potion of heal wounds {unknown}
 q - a potion of brilliance
 r - 2 potions of mutation {unknown}
 t - a potion of attraction {unknown}


   Skills:
 + Level 5.6 Fighting
 - Level 1.7 Dodging
 + Level 5.9 Unarmed Combat
 + Level 2.6 Spellcasting
 + Level 4.6 Transmutations
 + Level 2.1 Earth Magic
 + Level 0.5 Invocations


You had 6 spell levels left.
You knew the following spells:

 Your Spells              Type           Power      Damage    Failure   Level
a - Beastly Appendage     Tmut           30%        N/A       3%          1
b - Wereblood             Tmut           15%        N/A       4%          2
c - Passwall              Tmut/Erth      10%        N/A       8%          2

Your spell library contained the following spells:

 Spells                   Type           Power      Damage    Failure   Level
 Sandblast                Erth           16%        2d6       9%          1
 Shock                    Conj/Air       4%         1d3       22%         1
 Spider Form              Tmut/Pois      8%         N/A       24%         3
 Scorch                   Fire           2%         2d5       32%         2
 Stone Arrow              Conj/Erth      10%        3d7       38%         3
 Swiftness                Air            1%         N/A       54%         3
 Ice Form                 Ice/Tmut       8%         N/A       63%         4
 Airstrike                Air            0%         N/A       91%         4
 Flame Wave               Conj/Fire      1%         2d4       91%         4
 Summon Cactus Giant      Summ           0%         N/A       100%        6


Dungeon Overview and Level Annotations

Branches:
Dungeon (6/15)
 Temple: D:4-7

Altars:
Elyvilon
Kikubaaqudgha
Qazlal

Shops:
D:4 [

Annotations:
D:6 Dowan, Duvessa


Innate Abilities, Weirdness & Mutations

Your dull iron-grey scales are very hard. (AC +11)
You are amphibious.
You cannot fit into any form of body armour.
You are cold-blooded and may be slowed by cold attacks.


Message History

You hit Duvessa. Your kick misses Duvessa.
Duvessa is heavily wounded.
You feel very sick. Duvessa hits you but does no damage.
You hit Duvessa but do no damage. You claw Duvessa, but do no damage.
Your headbutt misses Duvessa.
Duvessa is heavily wounded.
You feel sick. Duvessa completely misses you.
Duvessa hits you but does no damage.
You are more poisoned.
You feel very sick. Dowan closely misses you.
You feel very sick.
Duvessa hits you with a +1 short sword of venom!
* * * LOW HITPOINT WARNING * * *
You are lethally poisoned!
Dowan mumbles some strange words.
Dowan blinks!
Okay, then.
Unknown command.
You feel purified! Duvessa closely misses you.
Dowan gestures wildly while chanting.
Dowan blinks!
Duvessa hits you with a +1 short sword of venom!
* * * LOW HITPOINT WARNING * * *
Duvessa hits you with a +1 short sword of venom.
* * * LOW HITPOINT WARNING * * *
Press: ? - help, v - describe, . - travel
Here: Duvessa, wielding a +1 short sword of venom and wearing a +0 leather armour (heavily wounded, fast)
The floor, spattered with blood.
Duvessa hits you but does no damage.
You are lethally poisoned!
* * * LOW HITPOINT WARNING * * *
You feel very sick.
Your horns disappear.
Your talons disappear.
Your +0 hat unmelds from your body.
* * * LOW HITPOINT WARNING * * *
You feel sick.
Duvessa hits you with a +1 short sword of venom.
You die...

#..# .# .#..#####..# .#.##
.#.........# #...#
.#.......... #.#.#
.#..........
##...###.#<#.#.....
###.....##.###.#########.#
#....P...#...............#
#####....P...@+###...#########
..........P♣e........#
..............>......#
........)............#
........#............#
........#............#
........#............#
P♣......#............#
♣P......#............#


You could see Duvessa (fast).

Vanquished Creatures
  An ice beast (D:6)
  A sky beast (D:4)
  An ogre (D:6)
  A phantom (D:5)
  A scorpion (D:4)
  A wyvern zombie (D:5)
  A water moccasin skeleton (D:5)
  An orc priest (D:4)
  A bullfrog zombie (D:5)
  Ijyb (D:4)
  2 iguanas
  A bullfrog skeleton (D:5)
  2 orc wizards (D:3)
  A killer bee zombie (D:6)
  Robin (D:2)
  A gnoll (D:1)
  4 adders
  An ufetubus (D:5)
  A worm (D:3)
  3 dart slugs
  12 orcs
  7 ball pythons
  3 bat zombies (D:3)
  10 endoplasms
  A giant cockroach (D:4)
  13 hobgoblins
  2 jackals (D:3)
  5 kobolds
  3 quokkas
  5 bats
  4 frilled lizards
  8 goblins
  4 rats
  2 rat zombies (D:3)
106 creatures vanquished.

Vanquished Creatures (others)
  2 plants (D:6)
  9 toadstools (D:6)
11 creatures vanquished.

Grand Total: 117 creatures vanquished

Notes
Turn   | Place    | Note
-------+----------+-------------------------------------------
     0 | D:1      | testman the Draconian Transmuter began the quest for the
                  | Orb.
     0 | D:1      | Reached XP level 1. HP: 16/16 MP: 3/3
   135 | D:1      | Reached XP level 2. HP: 24/24 MP: 3/5
   138 | D:1      | Learned a level 2 spell: Wereblood
  1020 | D:2      | Reached XP level 3. HP: 29/30 MP: 3/6
  1030 | D:2      | Noticed Robin
  1034 | D:2      | Killed Robin
  1306 | D:2      | Found a faded altar of an unknown god.
  1720 | D:2      | Reached XP level 4. HP: 36/38 MP: 5/7
  2351 | D:3      | Found a white marble altar of Elyvilon.
  2355 | D:3      | Became a worshipper of Elyvilon the Healer
  2613 | D:3      | Reached XP level 5. HP: 43/46 MP: 6/8
  3030 | D:3      | Found an ancient bone altar of Kikubaaqudgha.
  3104 | D:4      | Reached * piety under Elyvilon
  3134 | D:4      | Found a stormy altar of Qazlal.
  3297 | D:4      | Noticed Ijyb
  3311 | D:4      | HP: 2/46 [Ijyb (3)]
  3317 | D:4      | Killed Ijyb
  3733 | D:4      | Reached XP level 6. HP: 53/53 MP: 6/9
  3846 | D:4      | Found Mosuub's Antique Armour Shop.
  3865 | D:4      | Reached skill level 5 in Unarmed Combat
  4075 | D:5      | Entered Level 5 of the Dungeon
  4265 | D:5      | Reached ** piety under Elyvilon
  4369 | D:5      | Reached skill level 5 in Fighting
  4492 | D:5      | Your scales start taking on a dull iron-grey colour.
  4492 | D:5      | Reached XP level 7. HP: 33/61 MP: 7/10
  4510 | D:4      | Learned a level 2 spell: Passwall
  4721 | D:4      | Reached skill level 1 in Earth Magic
  5330 | D:6      | Noticed Duvessa
  5334 | D:6      | Noticed Dowan
  5351 | D:6      | HP: 3/61 [poisoned by Duvessa]
  5352 | D:6      | Slain by Duvessa

Illustrated notes

Levels and vault maps discovered:
D:1:      wander_arrival_chamber, layout_loops_corners
D:2:      minmay_wonky_spiral, layout_loops_ring,
          hellmonk_ecumenical_altar_inner_sanctum, serial_aquarium,
          aquarium_bridge_square [aquarium_subvault_window,
          aquarium_subvault_wall, aquarium_subvault_window,
          aquarium_subvault_bridge], aquarium_bridge_long_joined
          [aquarium_subvault_balcony, aquarium_subvault_window,
          aquarium_subvault_bridge, aquarium_subvault_bridge,
          aquarium_subvault_window, aquarium_subvault_window],
          aquarium_window_3, aquarium_window_1, aquarium_window_fake,
          aquarium_window_double, aquarium_view_2d, aquarium_view_2d,
          aquarium_balcony_3a, aquarium_pool_2, uniq_robin
D:3:      layout_basic, lemuel_zombie_altar_kikubaaqudgha, elyvilon_altar_4
D:4:      layout_loops_cross, overflow_temple_1_default, serial_shops,
          nicolae_shop_behind_doors, uniq_ijyb
D:5:      layout_rooms
D:6:      cheibrodos_fertilizer, layout_basic, pdpol_wu_jian_five_deadly_venoms,
          serial_park_tiny_2, serial_bayou_pond_e, uniq_duvessa, uniq_eustachio

Skill      XL: |  1  2  3  4  5  6  7 |
---------------+----------------------+-----
Fighting       | 2 3 4 5 |  5.6
Unarmed Combat | 4 5 |  5.9
Transmutations | 3 4 |  4.6
Earth Magic    | 2 |  2.1
Dodging        | |  1.7
Spellcasting   | |  2.6
Invocations    | |  0.5

Action                   |  1- 3 |  4- 6 |  7- 9 || total
-------------------------+-------+-------+-------++-------
Melee: Unarmed           |    81 |   178 |    56 ||   315
       Headbutt          |    13 |    17 |     7 ||    37
       Kick              |    12 |    40 |    14 ||    66
       Tailslap          |     9 |    18 |     8 ||    35
       Punch             |       |     9 |       ||     9
 Cast: Beastly Appendage |    22 |    33 |     4 ||    59
       Wereblood         |     1 |     8 |     3 ||    12
Invok: Purification      |       |       |     1 ||     1
 Stab: Sleeping          |     2 |     1 |       ||     3
Armor: Skin              |    16 |    52 |    29 ||    97
Dodge: Dodged            |    34 |   101 |    28 ||   163

Table legend: (Time is in decaauts)
 A = Elapsed time spent in this place.
 B = Non-inter-level travel time spent in this place.
 C = Inter-level travel time spent in this place.
 D = Time resting spent in this place.
 E = Time spent auto-exploring this place.
 F = Levels seen in this place.
 G = Mean time per level.
                   A        B        C        D        E       F      G
               +--------+--------+--------+--------+--------+-----+--------+
         Total |   5329 |   5206 |    123 |    710 |   3702 |   6 |  888.2 |
       Dungeon |   5329 |   5206 |    123 |    710 |   3702 |   6 |  888.2 |
               +--------+--------+--------+--------+--------+-----+--------+

Top non-repeatable levels by time:
     D:4: 1370 daAuts
     D:2: 1311 daAuts
     D:1: 997 daAuts
     D:3: 762 daAuts
     D:5: 656 daAuts
     D:6: 231 daAuts
